Map: Lost and Found LE

Players

Snute - Winner!

  • Race: Zerg Zerg
  • Spawn Location: 1:00

SpaceJam

  • Race: Terran Terran
  • Spawn Location: 7:00

Event: WCS Montreal 2018

VOD

Have the link to the VOD?

Description

Time

  • Played on: Sept. 7, 2018, 12:26 p.m.
  • Length: 12:42

All games in this series

Show
View Real Time Build Order
Export as new Build Order

Snute Zerg - Winner!

Build Orders: Pool First 

Get SALT Encoding   

  12  0:00  Drone  
  13  0:12  Overlord  
  13  0:16  Drone  
  14  0:30  Drone x2  
  14  0:34  Drone  
  17  0:44  Spawning Pool  
  17  0:48  Drone  
  17  1:07  Hatchery  
  17  1:10  Drone  
  17  1:13  Drone  
  17  1:16  Extractor  
  17  1:30  Zergling x2, Queen  
  17  1:32  Zergling x2  
  21  1:38  Overlord  
  21  1:50  Drone  
  22  2:00  Drone  
  23  2:06  Queen  
  25  2:11  Drone  
  26  2:18  Metabolic Boost  
  26  2:20  Drone, Queen  
  29  2:26  Drone  
  30  2:30  Drone  
  30  2:32  Overlord  
  31  2:38  Drone x2  
  31  2:40  Drone  
  31  2:43  Drone  
  35  2:45  Drone  
  36  2:52  Drone  
  36  2:56  Drone  
  38  3:04  Hatchery  
  38  3:05  Drone  
  38  3:08  Extractor  
  38  3:09  Drone  
  38  3:11  Drone  
  39  3:16  Drone  
  39  3:17  Drone x3  
  44  3:23  Overlord  
  44  3:35  Overlord  
  44  3:43  Drone x3  
  44  3:45  Drone  
  48  3:49  Queen  
  48  3:50  Queen, Overlord  
  52  3:55  Extractor, Baneling Nest  
  52  3:57  Drone x5  
  52  3:58  Drone  
  56  4:03  Drone  
  56  4:04  Drone  
  56  4:09  Drone  
  59  4:13  Drone  
  59  4:17  Queen  
  60  4:18  Drone  
  60  4:19  Drone  
  60  4:23  Drone x3  
  67  4:29  Zergling x4  
  69  4:31  Queen  
  69  4:35  Overlord  
  69  4:36  Evolution Chamber  
  69  4:37  Evolution Chamber  
  69  4:39  Drone x2  
  69  4:41  Zergling x2  
  69  4:42  Zergling x4  
  69  4:45  Overlord  
  74  4:51  Overlord  
  73  4:55  Drone  
  73  4:57  Drone x2  
  73  4:58  Drone x2  
  73  4:59  Drone x2  
  80  5:03  Zerg Ground Armor Level 1  
  80  5:04  Zerg Melee Weapons Level 1  
  80  5:08  Drone  
  80  5:11  Drone x5, Lair  
  86  5:14  Extractor  
  86  5:15  Extractor  
  86  5:19  Extractor  
  86  5:21  Hatchery  
  82  5:22  Drone x3  
  82  5:24  Drone  
  82  5:25  Drone  
  82  5:26  Drone  
  82  5:27  Drone  
  89  5:31  Zergling x2  
  89  5:32  Extractor, Zergling x2  
  89  5:34  Zergling x4  
  77  5:44  Zergling x2  
  77  5:45  Zergling x8  
  77  5:48  Drone x3  
  81  5:50  Drone x2  
  81  5:53  Drone  
  84  5:59  Zergling x2  
  84  6:00  Zergling x4  
  84  6:03  Zergling x2  
  89  6:04  Zergling x2  
  89  6:08  Zergling x2  
  89  6:11  Centrifical Hooks  
  90  6:13  Zergling x4  
  90  6:16  Baneling x4, Hatchery  
  91  6:24  Zergling x2  
  91  6:25  Zergling x8  
  96  6:28  Zergling x2  
  97  6:33  Overlord  
  97  6:34  Queen  
  97  6:35  Overlord  
  97  6:38  Zergling x4  
  97  6:39  Infestation Pit, Hydralisk Den  
  99  6:45  Zergling x6  
  102  6:52  Spore Crawler  
  98  7:01  Zerg Melee Weapons Level 2, Zerg Ground Armor Level 2  
  98  7:03  Drone x4  
  98  7:04  Drone x2  
  98  7:07  Drone x6  
  98  7:08  Drone  
  111  7:10  Grooved Spines  
  111  7:12  Drone  
  112  7:20  Drone  
  112  7:22  Drone x2  
  115  7:23  Zergling x10  
  119  7:30  Drone x3  
  122  7:37  Hive  
  122  7:41  Hatchery, Baneling x4  
  122  7:42  Baneling x6  
  120  7:56  Zergling x12  
  126  8:03  Drone  
  126  8:04  Drone x4  
  126  8:10  Overlord x2  
  126  8:12  Drone  
  121  8:18  Overlord x3  
  120  8:22  Muscular Augments  
  120  8:24  Overlord  
  120  8:25  Zergling x2  
  120  8:26  Zergling x10  
  126  8:32  Zergling x2  
  126  8:33  Zergling x30  
  142  8:42  Zergling x16  
  150  8:52  Zergling x14  
  157  9:01  Zergling x20  
  157  9:02  Baneling  
  167  9:03  Baneling x25  
  167  9:04  Baneling  
  167  9:08  Ultralisk Cavern  
  166  9:10  Zergling x10  
  170  9:17  Adrenal Glands  
  170  9:18  Zerg Melee Weapons Level 3  
  170  9:22  Zerg Ground Armor Level 3  
  169  9:35  Ultralisk Cavern  
  165  9:41  Zergling x28  
  179  9:46  Overlord x2  
  179  9:47  Overlord  
  179  9:50  Spore Crawler  
  167  9:54  Overlord  
  167  9:57  Chitinous Plating  
  166  10:08  Burrow  
  166  10:13  Baneling x10  
  166  10:14  Drone x3  
  168  10:18  Zergling x10  
  168  10:19  Zergling x22  
  185  10:26  Zergling x8  
  185  10:27  Zergling x8  
  189  10:43  Hatchery  
  189  10:46  Zergling x2, Ultralisk  
  189  10:47  Ultralisk  
  197  11:02  Ultralisk x3  
  184  11:09  Zergling x28  
  184  11:10  Zergling x2  
  157  11:18  Ultralisk  
  157  11:31  Ultralisk x2  
  165  11:34  Baneling  
  165  11:35  Baneling x2  
  165  11:36  Baneling x14  
  165  11:37  Baneling  
  165  11:43  Baneling  
  165  11:44  Baneling x3, Zergling x2  
  165  11:45  Zergling x10  
  159  12:07  Zergling x2  
  159  12:08  Zergling x34  
  179  12:14  Zergling x14  
  185  12:21  Zergling x16  
  200  12:38  Spore Crawler  
Show
View Real Time Build Order
Export as new Build Order

SpaceJam Terran 

Build Orders: Reaper Expand, MMM Bio 

Get SALT Encoding   

  12  0:00  SCV  
  13  0:13  SCV  
  14  0:17  Supply Depot  
  14  0:25  SCV  
  15  0:39  SCV  
  15  0:40  Barracks  
  16  0:44  Refinery  
  16  0:51  SCV  
  17  1:03  SCV  
  18  1:15  SCV  
  19  1:29  Reaper, Orbital Command  
  20  1:47  Command Center  
  20  1:55  SCV  
  20  2:00  Barracks  
  21  2:03  Barracks Reactor  
  21  2:07  SCV  
  22  2:11  Supply Depot  
  22  2:20  SCV, Refinery  
  23  2:31  Factory  
  23  2:33  SCV  
  24  2:41  Marine x2  
  26  2:45  SCV  
  26  2:47  Barracks Tech Lab  
  27  2:57  SCV  
  28  3:00  Marine x2, Orbital Command  
  30  3:13  Stimpack, Marine  
  30  3:17  SCV  
  32  3:20  Orbital Command  
  32  3:27  Starport, Marine  
  32  3:28  Marine  
  32  3:33  Factory Reactor  
  34  3:37  Marine  
  35  3:45  SCV, Marine  
  37  3:49  SCV  
  37  3:50  Marine  
  37  3:55  Marine  
  40  4:00  Supply Depot  
  40  4:01  Supply Depot  
  40  4:04  SCV  
  40  4:05  Marine  
  42  4:14  Marine x2  
  42  4:16  Medivac, SCV  
  46  4:22  Medivac, SCV  
  46  4:24  Factory Reactor  
  49  4:25  Engineering Bay x2  
  49  4:28  Marine  
  49  4:30  SCV  
  51  4:34  SCV  
  52  4:39  Marine, Refinery  
  52  4:40  Marine, Supply Depot  
  54  4:46  SCV  
  54  4:50  SCV  
  56  4:55  Terran Infantry Armor Level 1, Terran Infantry Weapons Level 1  
  56  4:58  SCV  
  57  5:00  Marine x2  
  57  5:02  SCV  
  57  5:03  Widow Mine x2  
  64  5:10  Barracks  
  64  5:14  Supply Depot  
  64  5:15  Marine  
  64  5:16  Supply Depot  
  64  5:17  Combat Shields  
  65  5:22  SCV x2  
  67  5:34  Marine x2  
  67  5:35  Medivac, Widow Mine x2  
  71  5:48  Marine  
  71  5:49  SCV x2  
  69  5:52  Marine x2  
  70  5:57  Marine x2  
  72  6:06  SCV, Command Center, Marine  
  72  6:07  Factory Tech Lab  
  72  6:10  Marine  
  75  6:13  SCV  
  75  6:18  SCV  
  77  6:22  Marine x2  
  77  6:25  Marine x2  
  81  6:27  Marine  
  81  6:30  Siege Tank  
  85  6:35  Barracks, Supply Depot  
  85  6:36  Barracks  
  85  6:37  Refinery, Supply Depot  
  85  6:48  SCV  
  86  6:58  Marauder, Marine  
  86  7:00  SCV x2  
  87  7:01  Medivac  
  87  7:02  Siege Tank  
  87  7:06  Marine x3  
  87  7:07  Medivac  
  97  7:12  SCV  
  97  7:13  SCV  
  97  7:14  Armory  
  99  7:16  Marine  
  99  7:19  Marine  
  101  7:24  Marine x2  
  101  7:25  Marine  
  104  7:33  Marine  
  105  7:37  Barracks Reactor  
  105  7:38  Marauder, Barracks Tech Lab  
  105  7:41  Factory  
  105  7:42  Marine x2  
  109  7:46  Marine  
  110  7:51  Marine  
  110  7:52  Siege Tank  
  110  7:56  SCV  
  115  7:58  Marine  
  115  8:03  Orbital Command  
  116  8:05  Medivac  
  116  8:11  Medivac, Marine  
  117  8:15  SCV x2  
  117  8:19  Terran Infantry Weapons Level 2  
  116  8:30  Supply Depot, Terran Infantry Armor Level 2  
  116  8:31  Supply Depot  
  116  8:32  Marine, Siege Tank, Supply Depot  
  120  8:35  Marine x2  
  122  8:45  Marine x3  
  122  8:47  Factory Reactor  
  125  8:51  Marine  
  125  8:52  Medivac  
  125  8:53  Medivac, Concussive Shells  
  125  8:55  SCV  
  131  9:06  Marine x2  
  131  9:07  Marine x5  
  131  9:09  Marine  
  139  9:10  SCV x2  
  139  9:11  SCV  
  139  9:15  Siege Tank  
  142  9:24  Marine x2  
  142  9:25  Marauder  
  142  9:31  Marine x4  
  149  9:39  Marine, Supply Depot  
  149  9:40  Widow Mine, Supply Depot  
  149  9:42  Marine x2  
  154  9:47  Marauder  
  154  9:49  Marine  
  154  9:51  Marine  
  154  9:52  Marine  
  157  10:00  Marine x2, Supply Depot  
  157  10:01  Widow Mine x2  
  157  10:02  Supply Depot x2  
  160  10:08  Marauder  
  160  10:11  Marine x3  
  165  10:15  Marine x2  
  165  10:18  Marine  
  168  10:28  Marine  
  169  10:31  Command Center  
  164  10:37  Widow Mine x3  
  156  10:44  Marine x2  
  156  10:45  Marine x4  
  156  10:48  Marine x2  
  142  11:02  Marine x3  
  115  11:10  Marine x2  
  75  11:17  SCV, Orbital Command  
  56  11:23  Widow Mine  
  58  11:46  Marine x3  
  61  11:52  Supply Depot  
  61  11:56  Marine  
  56  12:04  Marine  
Tags
 
Add a new tag
Caveats
  • Supply blocks, unpowered buildings, or Contaminate may cause inaccurate times.
  • Supply counts are checked every 10 seconds.